 Dungeon Crawl Stone Soup version 0.18.1-1-g2f07953 (webtiles) character file.

310 Rattbag the Ducker (level 6, 0/61 HPs)
             Began as a Troll Berserker on May 7, 2016.
             Was a Follower of Makhleb.
             Slain by a polar bear (3 damage)
             ... created by the rage of Trog
             ... on level 5 of the Dungeon.
             The game lasted 00:27:22 (1852 turns).

Rattbag the Ducker (Troll Berserker)                Turns: 1852, Time: 00:27:23

Health: 0/61       AC:  5    Str: 27    XL:     6   Next: 18%
Magic:  5/5        EV: 14    Int:  3    God:    Makhleb [*.....]
Gold:   166        SH:  0    Dex: 10    Spells: 0 memorised, 5 levels left

rFire  . . .     SeeInvis .     A - +10 sword of Jihad {holy, *Rage rN+ EV+3 Stlth-}
rCold  . . .     Gourm    +     b - +0 animal skin
rNeg   + . .     Faith    .     (no shield)
rPois  .         Spirit   .     (helmet restricted)
rElec  .         Dismiss  .     (no cloak)
rCorr  .         Reflect  .     (gloves unavailable)
SustAt .         Harm     .     (boots unavailable)
MR     .....     Rnd*Rage +     (no amulet)
Stlth  ..........               (no ring)
                                (no ring)

@: not resistant to hostile enchantments, extremely unstealthy
A: unfitting armour, claws 3, fast metabolism 3, gourmand, regeneration 2,
shaggy fur 1, tough skin 2
a: Renounce Religion


You were on level 5 of the Dungeon.
You worshipped Makhleb.
Makhleb was aware of your devotion.
You were near starving.

You visited 1 branch of the dungeon, and saw 5 of its levels.

You collected 166 gold pieces.

Inventory:

Hand Weapons
 a - a +0 mace
 e - a +1 dagger of electrocution
 A - the +10 sword of Jihad (weapon) {holy, *Rage rN+ EV+3 Stlth-}
   (You found it on level 4 of the Dungeon)

   It has been blessed by the Shining One to cause great damage to the undead
   and demons.
   It affects your evasion (+3).
   It protects you from negative energy.
   It may make you go berserk in combat.
   It makes you less stealthy.
 B - a +0 flail of protection
Missiles
 g - 53 poisoned needles
 r - 21 bolts
Armour
 b - a +0 animal skin (worn)
 i - a +0 robe
Jewellery
 z - an uncursed ring of protection from cold {unknown}
Wands
 y - a wand of enslavement (7/24)
Scrolls
 d - 2 scrolls of teleportation {unknown}
 f - a scroll of enchant armour {unknown}
 l - a scroll of amnesia {unknown}
 m - 3 scrolls of remove curse {unknown}
 p - 4 scrolls of identify {unknown}
 q - 3 scrolls of random uselessness {unknown}
 x - a scroll of blinking {unknown}
Potions
 h - 3 potions of curing {unknown}
 k - 2 potions of might {unknown}
 n - 2 potions of mutation {unknown}
 t - a potion of brilliance {unknown}
 u - a potion of heal wounds {unknown}
 v - 2 potions of haste {unknown}
 w - a potion of invisibility {unknown}
Comestibles
 c - a bread ration
 j - 2 fruits
 o - a royal jelly
 s - a meat ration


   Skills:
 + Level 3.4 Fighting
 + Level 0.8 Long Blades
 + Level 3.4 Maces & Flails
 + Level 4.5 Dodging
 + Level 0.4 Stealth
 + Level 0.1 Evocations


You had 5 spell levels left.
You didn't know any spells.

Dungeon Overview and Level Annotations

Branches:
Dungeon (5/15)
 Temple: D:4-7

Altars:
Fedhas
Makhleb
Pakellas
Qazlal

Annotations:
D:4 Dowan, Duvessa


Innate Abilities, Weirdness & Mutations

You are too large for most types of armour.
You have claws for hands.
Your metabolism is lightning-fast.
You like to eat raw meat.
You heal very quickly.
You are covered in fur (AC +1).
You have very tough skin (AC +2).


Message History

4 polar bears and 2 black bears come into view.
You slash the polar bear!
The polar bear is lightly wounded.
The polar bear barely misses you. The polar bear claws you. x2
The polar bear barely misses you. The polar bear closely misses you.
The polar bear barely misses you. The polar bear bites you!
The polar bear closely misses you. The polar bear claws you.
The black bear bites you but does no damage.
The black bear barely misses you. The black bear closely misses you.
The polar bear misses you. The polar bear claws you. x2
The polar bear misses you. The polar bear claws you.
The polar bear closely misses you. The black bear bites you.
The black bear completely misses you. x2; The polar bear misses you.
The polar bear completely misses you. The polar bear misses you.
The polar bear closely misses you. The polar bear misses you.
The polar bear claws you but does no damage.
You barely miss the black bear. The polar bear bites you!!
* * * LOW HITPOINT WARNING * * *
The polar bear claws you.
You die...

#......#....#..
#.....#......'....'..
+.....#.....##....##.
#.....+.....#####'##.
#.....#.....#........
+.....#####'##.......
#.....>......#.......
#..hhh.......+.......
#..h@hh......#....##.
##+###.......#....###
#.......#######.
#........... #.
#............ #.
+.............#.
#.............+.
#.............##
###########.....


You could see 4 polar bears and 2 black bears.

Vanquished Creatures
  Edmund (D:5)
  A hound (D:5)
  An orc wizard (D:5)
  Jessica (D:3)
  A worker ant (D:5)
  3 adders
  An adder skeleton (D:4)
  A giant gecko (D:1)
  4 orcs (D:5)
  7 bats
  6 giant cockroaches
  5 goblins
  7 hobgoblins
  2 quokkas (D:4)
  A ball python zombie (D:5)
  A giant newt (D:1)
  5 kobolds
  3 rats
51 creatures vanquished.

Vanquished Creatures (others)
  A gargoyle (D:2)
  A bush (D:2)
2 creatures vanquished.

Grand Total: 53 creatures vanquished

Notes
Turn   | Place    | Note
--------------------------------------------------------------
     0 | D:1      | Rattbag the Troll Berserker began the quest for the Orb.
     0 | D:1      | Reached XP level 1. HP: 22/22 MP: 0/0
   129 | D:1      | Reached XP level 2. HP: 29/29 MP: 1/1
   475 | D:1      | Reached ** piety under Trog
   592 | D:1      | Reached XP level 3. HP: 32/36 MP: 2/2
   602 | D:1      | You fall through a shaft!
   699 | D:2      | Found a stormy altar of Qazlal.
   848 | D:2      | Found a burning altar of Makhleb.
   855 | D:2      | Fell from the grace of Trog
   855 | D:2      | Became a worshipper of Makhleb the Destroyer
   906 | D:2      | Reached skill level 3 in Dodging
  1024 | D:3      | Noticed Jessica
  1059 | D:3      | Killed Jessica
  1059 | D:3      | Reached XP level 4. HP: 10/44 MP: 3/3
  1260 | D:2      | Found an oddly glowing altar of Pakellas.
  1261 | D:2      | Noticed a gargoyle
  1284 | D:2      | Killed a gargoyle
  1614 | D:4      | Noticed Duvessa
  1615 | D:4      | Noticed Dowan
  1621 | D:5      | Entered Level 5 of the Dungeon
  1621 | D:5      | Noticed Edmund
  1635 | D:5      | Killed Edmund
  1635 | D:5      | Reached skill level 4 in Dodging
  1635 | D:5      | Reached XP level 5. HP: 53/53 MP: 4/4
  1665 | D:5      | Reached * piety under Makhleb
  1698 | D:5      | Found a blossoming altar of Fedhas.
  1713 | D:5      | Reached XP level 6. HP: 43/61 MP: 5/5
  1849 | D:5      | Noticed a polar bear
  1849 | D:5      | Noticed a polar bear
  1849 | D:5      | Noticed a polar bear
  1849 | D:5      | Noticed a polar bear
  1852 | D:5      | HP: 3/61 [polar bear[the rage of Trog] (22)]
  1852 | D:5      | Slain by a polar bear

Skill      XL: |  1  2  3  4 |
---------------+-------------+-----
Maces & Flails | 3 |  3.4
Dodging        | 3 4 |  4.5
Fighting       | 3 |  3.4
Long Blades    | |  0.8
Stealth        | |  0.4
Evocations     | |  0.1

Action                   |  1- 3 |  4- 6 || total
-------------------------+-------+-------++-------
Melee: Mace              |   171 |    23 ||   194
       Eudemon blade     |       |    30 ||    30
Evoke: Wand              |       |     1 ||     1
  Use: Scroll            |     1 |       ||     1
       Potion            |     1 |       ||     1
  Eat: Bread ration      |     2 |     1 ||     3
Armor: Animal skin       |    72 |    10 ||    82
Dodge: Dodged            |   109 |    55 ||   164
